 Dungeon Crawl Stone Soup version 0.28-a0-850-g09de17f5b5 (webtiles) character file.

Game seed: 6117146694265698503

125 tatocazan the Skirmisher (level 4, 0/37 HPs)
             Began as a Demonspawn Fighter on Nov 13, 2021.
             Killed by divine providence
             ... invoked by an orc priest
              (13 damage)
             ... on level 3 of the Dungeon.
             The game lasted 00:01:50 (1988 turns).

tatocazan the Skirmisher (Demonspawn Fighter)       Turns: 1988, Time: 00:01:50

Health: 0/37       AC:  6    Str: 17    XL:     4   Next: 82%
Magic:  0/4        EV:  9    Int: 10    God:
Gold:   80         SH:  4    Dex: 12    Spells: 3/3 levels left

rFire   . . .      SeeInvis .   a - +0 war axe
rCold   . . .      Faith    .   c - +0 buckler
rNeg    . . .      Spirit   +   b - +0 scale mail
rPois   .          Reflect  .   (no helmet)
rElec   .          Harm     .   (no cloak)
rCorr   .          Rampage  .   (no gloves)
Will    .....                   (no boots)
Stlth   ..........              g - amulet of guardian spirit
HPRegen 0.12/turn               (no ring)
MPRegen 0.09/turn               (no ring)

@: no status effects
A: foul stench 1, powered by death 1
a: no special abilities


You were on level 3 of the Dungeon.
You visited 1 branch of the dungeon, and saw 3 of its levels.

You collected 80 gold pieces.

Inventory:

Hand Weapons
 a - a +0 war axe (weapon)
Armour
 b - a +0 scale mail (worn)
 c - a +0 buckler (worn)
Jewellery
 g - an amulet of guardian spirit (around neck)
Scrolls
 e - 2 scrolls of immolation {unknown}
 f - a scroll of silence {unknown}
 i - a scroll of magic mapping {unknown}
 j - a scroll of enchant weapon {unknown}
 k - a scroll of fog {unknown}
 l - a scroll of enchant armour {unknown}
Potions
 d - 2 potions of might


   Skills:
 + Level 3.8 Fighting
 + Level 2.7 Axes
 + Level 3.4 Armour
 + Level 3.4 Shields


You had 3 spell levels left.
You didn't know any spells.
Your spell library was empty.

Dungeon Overview and Level Annotations

Branches:
Dungeon (3/15)

Altars:

Annotations:
D:3 2 transporters, AttackTheMoon's ghost, novice FoFi


Innate Abilities, Weirdness & Mutations

You may rarely emit foul miasma when damaged in melee.
You regenerate a little health from kills.


Message History

No target in view!
No target in view!
No target in view!
No target in view!
No target in view!
No target in view!
No target in view!
No target in view!
No target in view!
No target in view!
No target in view!
No target in view!
No target in view!
No target in view!
Items here: ( )) [ ÷.
Key pressed, stopping explore.
Found a stone staircase leading up.
Key pressed, stopping explore.
Found a stone staircase leading up.
Found a stone staircase leading up.
There is a stone staircase leading down here.
Key pressed, stopping explore.
There is a shaft here.
An orc priest comes into view. It is wielding a +0 dagger.
The orc priest shouts!
An orc comes into view. It is wielding a +0 whip.
There are monsters nearby!
The orc priest invokes the aid of Beogh against you.
Pain shoots through your body!
You take 13 damage, and have 24/37 hp.
MASSIVE DAMAGE!!
You now have 3/4 mp.
A rat and 2 orcs come into view.
The orc shouts! x2
The orc priest invokes the aid of Beogh against you.
Beogh smites you!
You take 11 damage, and have 13/37 hp.
MASSIVE DAMAGE!!
You now have 2/4 mp.
The orc priest looks braver for a moment.
You closely miss the orc priest. You closely miss the orc.
The orc priest invokes the aid of Beogh against you.
Beogh smites you!
You die...

..# .. #. #...#
#...#...#.. ..# ..©..
#...# #..#..#.##.
..#..##...## .#...#
#.#..#..... ..#..#8...8
..#...# #.......###
..#..##...##..#...#
#####.#.###
..#......)....#...#
#...#..
..#WZ..W......#...#
###.#..
..#############..+######
####.#..
........©.......@o......
#..).#..
................o.o.....
#....#..
...#####.######.or......
#....###
...####..######.........
#....#
...#.........##.........
####.#
...#.........#..........
#.#
...#.........#..........
#.#
...#....†....+..........
#.# ####.........# #.###


You could see an orc priest, 3 orcs and a rat.

Vanquished Creatures
  An orc priest (D:3)
  4 adders
  A white imp (D:3)
  3 worms
  3 orcs (D:3)
  3 ball pythons
  5 endoplasms
  2 giant cockroaches (D:2)
  A goblin (D:1)
  3 hobgoblins
  4 kobolds
  3 quokkas
  5 bats
  A frilled lizard (D:2)
  4 rats
43 creatures vanquished.

Notes
Turn   | Place    | Note
-------+----------+-------------------------------------------
     0 | D:1      | tatocazan the Demonspawn Fighter began the quest for the
                  | Orb.
     0 | D:1      | Reached XP level 1. HP: 18/18 MP: 1/1
   444 | D:1      | Gained mutation: You regenerate a little health from kills.
                  | [demonic ancestry]
   444 | D:1      | Reached XP level 2. HP: 24/24 MP: 2/2
   938 | D:2      | Reached XP level 3. HP: 22/29 MP: 3/3
  1280 | D:2      | Found a faded altar of an unknown god.
  1354 | D:3      | Found a transporter.
  1391 | D:3      | Noticed AttackTheMoon's ghost (novice FoFi)
  1410 | D:3      | Gained mutation: You may rarely emit foul miasma when
                  | damaged in melee. [demonic ancestry]
  1410 | D:3      | Reached XP level 4. HP: 30/35 MP: 2/4
  1492 | D:3      | Found a transporter.
  1988 | D:3      | Killed from afar by an orc priest

Illustrated notes

Levels and vault maps discovered:
D:1:      ncdulo_halloftheorcs, layout_basic
D:2:      layout_rooms, ebering_ecumenical_altar_hall
D:3:      layout_basic, nicolae_overflow_hidden_temple,
          gammafunk_ghost_mausoleum, minmay_misc_feat_diagonals

Skill      XL: |  1  2 |
---------------+-------+-----
Axes           | 2 |  2.7
Armour         | 3 |  3.4
Shields        | 3 |  3.4
Fighting       | |  3.8

Action                   |  1- 3 |  4- 6 || total
-------------------------+-------+-------++-------
Melee: War axe           |    98 |    30 ||   128
  Use: Potion            |       |     1 ||     1
Armor: Scale mail        |    51 |    24 ||    75
Dodge: Dodged            |    61 |    13 ||    74
Block: Buckler           |    18 |     6 ||    24

Table legend: (Time is in decaauts)
 A = Elapsed time spent in this place.
 B = Non-inter-level travel time spent in this place.
 C = Inter-level travel time spent in this place.
 D = Time resting spent in this place.
 E = Time spent auto-exploring this place.
 F = Levels seen in this place.
 G = Mean time per level.
                   A        B        C        D        E       F      G
               +--------+--------+--------+--------+--------+-----+--------+
         Total |   2039 |   1997 |     42 |    399 |   1269 |   3 |  679.7 |
       Dungeon |   2039 |   1997 |     42 |    399 |   1269 |   3 |  679.7 |
               +--------+--------+--------+--------+--------+-----+--------+

Top non-repeatable levels by time:
     D:1: 745 daAuts
     D:3: 649 daAuts
     D:2: 644 daAuts
